AoeStats
← CNZS_98T

Socotra

506433229Analyzed
4v4 RM · 18d ago on Sep 13, 2026· 43m 20s· 8 players
Game mode
Random Map
Map size
148×148
Population
200
Speed
Normal
Resources
Standard
Victory
Conquest
Starting age
Dark Age
Ending age
Imperial Age
RankedLock teamsTeams togetherTeam positionsShared explorationLock speedFull tech treeHidden civsTurbo modeCheats
Victory
Defeat
🇨🇳 Wei · China
1940
+6
🇳🇱 Bohemians · Netherlands
1930
+6
🇨🇳 Maya · China
1891
+7
🇮🇳 Franks · India
1862
+9
🇨🇳 Mongols · China
1851
-12
🇲🇽 Khmer · Mexico
1676
-7
🇵🇪 Teutons · Peru
1603
-5
1528
-4
_LY_lyx
8:24 Feudal Age
6:52 Loom
9:05 Double-Bit Axe
9:00 Horse Collar
9:11 Gold Mining
13:17 Wheelbarrow
19:02 Castle Age
17:25 Scale Barding Armor
20:13 Bow Saw
20:27 Chain Barding Armor
20:35 Bloodlines
20:26 Husbandry
24:15 Forging
26:01 Heavy Plow
27:36 Hand Cart
28:08 Fletching
28:19 Padded Archer Armor
29:12 Bodkin Arrow
31:27 Gold Shaft Mining
34:37 Imperial Age
32:15 Thumb Ring
33:07 Leather Archer Armor
35:24 Ballistics
36:35 Chemistry
35:40 Bracer
37:13 Parthian Tactics
37:22 Coinage
38:03 Conscription
38:17 Ring Archer Armor
38:54 Banking
_LY_Yo
0:26 Loom
9:14 Feudal Age
10:35 Double-Bit Axe
15:29 Fletching
18:23 Padded Archer Armor
18:21 Horse Collar
19:30 Town Watch
21:20 Wheelbarrow
24:43 Castle Age
23:28 Gold Mining
24:50 Crossbowman
25:25 Bodkin Arrow
29:15 Leather Archer Armor
29:15 Bow Saw
30:54 Ballistics
31:59 Thumb Ring
37:48 Heavy Plow
46:30 Imperial Age
CNZS_98T
7:35 Loom
10:37 Feudal Age
16:33 Castle Age
15:26 Double-Bit Axe
39:43 Bow Saw
39:13 Horse Collar
40:05 Heavy Plow
43:24 Wheelbarrow
DK2
6:05 Loom
6:11 Loom
8:54 Feudal Age
21:58 Castle Age
22:12 Scale Barding Armor
24:57 Gold Mining
30:09 Chain Barding Armor
31:45 Forging
36:12 Wheelbarrow
35:22 Town Watch
35:26 Double-Bit Axe
42:08 Bow Saw
|Thepejezombie
5:59 Loom
8:16 Feudal Age
10:27 Fletching
32:27 Castle Age
30:58 Double-Bit Axe
枕上鸳鸯睡红莲
6:11 Loom
8:44 Feudal Age
9:45 Double-Bit Axe
12:48 Man-at-Arms
15:52 Forging
17:12 Wheelbarrow
19:04 Scale Barding Armor
21:39 Castle Age
20:52 Gold Mining
21:28 Bloodlines
21:12 Horse Collar
22:22 Husbandry
21:42 Light Cavalry
22:57 Bow Saw
29:18 Chain Barding Armor
32:15 Iron Casting
33:16 Hand Cart
34:22 Gold Shaft Mining
39:44 Imperial Age
39:55 Kshatriyas
40:19 Elite Shrivamsha Rider
41:45 Plate Barding Armor
M41K12
1:41 Loom
9:02 Feudal Age
11:21 Fletching
13:59 Horse Collar
15:10 Double-Bit Axe
17:13 Town Watch
31:47 Castle Age
30:06 Scale Mail Armor
31:54 Pikeman
32:35 Squires
32:52 Chain Mail Armor
爱人跟人走
8:10 Feudal Age
8:46 Double-Bit Axe
9:03 Horse Collar
9:31 Loom
15:38 Forging
17:48 Scale Barding Armor
18:54 Bloodlines
25:05 Castle Age
24:33 Gold Mining
25:11 Light Cavalry
26:54 Chain Barding Armor
27:05 Husbandry
30:01 Bow Saw
29:39 Town Watch
30:59 Iron Casting
34:46 Heavy Plow
35:22 Wheelbarrow
37:27 Gold Shaft Mining
44:39 Imperial Age
43:50 Hand Cart
Connection lost

Rejoining the realm…

Still unreachable

The connection could not be restored.

Session expired

The server has moved on; the page needs a fresh start.